 Dungeon Crawl Stone Soup version 0.27.1-4-g1640c2035a (webtiles) character file.

Game seed: 11545780592660273653

112 Stomo444 the Gusty (level 4, 0/22 HPs)
             Began as a Vine Stalker Air Elementalist on Nov 12, 2021.
             Slain by an ogre (22 damage)
             ... on level 3 of the Dungeon.
             The game lasted 00:05:18 (2623 turns).

Stomo444 the Gusty (Vine Stalker Air Elementalist)  Turns: 2623, Time: 00:05:18

Health: 0/22       AC:  2    Str: 11    XL:     4   Next: 95%
Magic:  0/9        EV: 12    Int: 15    God:
Gold:   73         SH:  0    Dex: 15    Spells: 3/9 levels left

rFire    . . .     SeeInvis .   c - +0 whip
rCold    . . .     Faith    .   (no shield)
rNeg     . . .     Spirit   +   a - +0 robe
rPois    .         Reflect  .   (no helmet)
rElec    .         Harm     .   (no cloak)
rCorr    .         Rampage  .   (no gloves)
Will     .....                  (no boots)
Stlth    ++........             (no amulet)
HPRegen  1.07/turn              (no ring)
MPRegen  0.11/turn              (no ring)

@: no status effects
A: fangs 2, regeneration 1, magic shield, antimagic bite, no potion heal 2
a: no special abilities


You were on level 3 of the Dungeon.
You visited 1 branch of the dungeon, and saw 3 of its levels.

You collected 73 gold pieces.

Inventory:

Hand Weapons
 c - a +0 whip (weapon)
Armour
 a - a +0 robe (worn)
Scrolls
 g - a scroll of enchant weapon
Potions
 d - 2 potions of degeneration {unknown}
 e - 2 potions of curing {unknown}
 f - a potion of flight {unknown}


   Skills:
 + Level 1.3 Fighting
 + Level 2.1 Dodging
 - Level 2.4 Stealth
 + Level 3.0 Spellcasting
 + Level 2.2 Conjurations
 + Level 3.6 Air Magic


You had 3 spell levels left.
You knew the following spells:

 Your Spells              Type           Power      Damage    Failure   Level
a - Shock                 Conj/Air       44%        1d5       6%          1
b - Static Discharge      Conj/Air       11%        N/A       9%          2
c - Swiftness             Air            13%        N/A       14%         3

Your spell library contained the following spells:

 Spells                   Type           Power      Damage    Failure   Level
 Summon Small Mammal      Summ           8%         N/A       21%         1
 Call Canine Familiar     Summ           2%         N/A       52%         3
 Summon Guardian Golem    Hex/Summ       2%         N/A       52%         3
 Airstrike                Air            6%         N/A       41%         4


Dungeon Overview and Level Annotations

Branches:
Dungeon (3/15)

Altars:


Innate Abilities, Weirdness & Mutations

You have extremely sharp teeth.
Your natural rate of healing is unusually fast.
When hurt, damage is shared between your health and your magic reserves.
Your bite disrupts and absorbs the magic of your enemies.
Potions cannot restore your health.


Message History

As you read the scroll labelled ZENUMI ITIGI, it crumbles to dust.
It is a scroll of identify.
g - a scroll of enchant weapon The goblin hits you with a +1 dagger of speed.
Casting: Shock (safe; 6% risk of failure)
Confirm with . or Enter, or press ? or * to list all spells.
You don't know that spell.
Unknown command.
Casting: Shock (safe; 6% risk of failure)
Confirm with . or Enter, or press ? or * to list all spells.
The goblin is struck by an arc of lightning.
You kill the goblin!
The ogre is struck by an arc of lightning.
The ogre is lightly wounded.
The lightning grounds out.
Casting: Static Discharge (safe; 9% risk of failure)
Confirm with . or Enter, or press ? or * to list all spells.
The ogre is struck by an arc of lightning.
The ogre is moderately wounded.
The goblin is struck by an arc of lightning.
You kill the goblin!
The lightning grounds out.
The ogre completely misses you.
Casting: Static Discharge (safe; 9% risk of failure)
Confirm with . or Enter, or press ? or * to list all spells.
The ogre is struck by an arc of lightning!
The ogre is heavily wounded.
You are struck by an arc of lightning.
The lightning grounds out.
The ogre barely misses you.
Unknown command.
Casting: Static Discharge (safe; 9% risk of failure)
Confirm with . or Enter, or press ? or * to list all spells.
The ogre is struck by an arc of lightning!
The ogre is severely wounded.
You are struck by an arc of lightning.
The lightning grounds out.
Unknown command.
You hit the ogre. You bite the ogre. You drain its power.
You feel invigorated.
The ogre is almost dead.
The ogre hits you with a +0 giant club!!
Ouch! That really hurt!
You die...

#########
........############
#................#
######.###.#########.##
........##'#gO@...##.#
#.........gg####.##.#
#.........g.# #.##.#
###...........# #.##.#
....[.........# #.##.#
#........g..## ####.#
#............#g(.##.#
######'###.#..'...##.#
#......###.#.##..g##.#


You could see an ogre and 4 goblins.

Vanquished Creatures
  Jessica (D:2)
  An adder (D:2)
  A worm (D:2)
  A dart slug (D:1)
  3 orcs (D:2)
  7 ball pythons
  A bat (D:3)
  5 endoplasms
  A giant cockroach (D:1)
  8 goblins
  7 hobgoblins
  7 jackals (D:1)
  5 quokkas
  5 frilled lizards
  8 kobolds
61 creatures vanquished.

Notes
Turn   | Place    | Note
-------+----------+-------------------------------------------
     0 | D:1      | Stomo444 the Vine Stalker Air Elementalist began the quest
                  | for the Orb.
     0 | D:1      | Reached XP level 1. HP: 9/9 MP: 4/4
   281 | D:1      | Reached XP level 2. HP: 13/13 MP: 4/6
   724 | D:1      | Found a faded altar of an unknown god.
   750 | D:1      | Reached XP level 3. HP: 17/17 MP: 2/7
   753 | D:1      | Learned a level 2 spell: Static Discharge
   863 | D:1      | Learned a level 3 spell: Swiftness
  1274 | D:2      | Noticed Jessica
  1278 | D:2      | Killed Jessica
  1279 | D:2      | Reached skill level 1 in Fighting
  1279 | D:2      | Gained mutation: Your natural rate of healing is unusually
                  | fast. [Vine Stalker growth]
  1279 | D:2      | Reached XP level 4. HP: 7/22 MP: 1/9
  2600 | D:3      | Noticed an ogre
  2623 | D:3      | Slain by an ogre

Illustrated notes

Levels and vault maps discovered:
D:1:      lemuel_arrival_funnel, layout_basic,
          hellmonk_ecumenical_altar_heavens_door
D:2:      layout_loops_cross, guppyfry_early_orc_mine, uniq_jessica
D:3:      layout_basic, mainiacjoe_overflow_alcove_2, lemuel_round_altar,
          amethyst_overflow_temple_binary, chequers_serial_rivers_small_b,
          minmay_curled_crystal, minmay_ogre_servants

Skill      XL: |  1  2  3  4 |
---------------+-------------+-----
Fighting       | 1 |  1.3
Dodging        | 2 |  2.1
Conjurations   | 2 |  2.2
Spellcasting   | 3 |  3.0
Stealth        | |  2.4
Air Magic      | |  3.6

Action                   |  1- 3 |  4- 6 || total
-------------------------+-------+-------++-------
Melee: Unarmed           |     3 |       ||     3
       Bite              |     5 |     6 ||    11
       Whip              |    19 |    29 ||    48
 Cast: Shock             |    52 |    48 ||   100
       Static Discharge  |     3 |     7 ||    10
  Use: Scroll            |     1 |     1 ||     2
 Stab: Sleeping          |       |     1 ||     1
Armor: Robe              |     1 |     3 ||     4
Dodge: Dodged            |    22 |    23 ||    45
